 Dungeon Crawl Stone Soup version 0.25-a0-87-ga3d287bc14 (webtiles) character file.

Game seed: 4419446164055858262, levelgen mode: deterministic

38774 Mgcat the Nimble (level 14, -5/108 HPs)
             Began as a Gnoll Arcane Marksman on Oct 22, 2019.
             Was a High Priest of Cheibriados.
             Slain by a frost giant
             ... wielding a +1 battleaxe of freezing
              (22 damage)
             ... in an ice cave on Nov 10, 2019.
             The game lasted 00:51:37 (19065 turns).

Mgcat the Nimble (Gnoll Arcane Marksman)           Turns: 19065, Time: 00:51:38

Health: -5/108     AC: 22    Str: 31    XL:     14   Next: 3%
Magic:  0/27       EV: 14    Int: 29    God:    Cheibriados [*****.]
Gold:   316        SH: 20    Dex: 30    Spells: 21/31 levels left

rFire    . . .     SeeInvis +   a - +3 whip of Summertime {slash, *Rage +Rage rPois Str+2}
rCold    . . .     Gourm    .   s - +0 large shield
rNeg     + . .     Faith    .   z - +0 plate armour
rPois    +         Spirit   +   E - +2 hat {SInv}
rElec    .         Reflect  .   P - scarf {repulsion}
rCorr    .         Harm     .   u - +2 pair of gloves
MR       ++...     Rnd*Rage +   q - +2 pair of boots
Stlth    +.........             n - amulet of guardian spirit {Spirit}
HPRegen  0.28/turn              e - ring of protection from magic {MR+, !d}
MPRegen  0.20/turn              w - ring of positive energy {rN+}

@: berserk cooldown, very slightly contaminated, slowed, invisible, repel
missiles, very slow
A: distributed training, fangs 1, sense surroundings 1, strong nose
a: Bend Time, Temporal Distortion, Slouch, Step From Time, Renounce Religion,
Evoke Berserk Rage


You were in an ice cave.
You worshipped Cheibriados.
Cheibriados was extremely pleased with you.
You were not hungry.

You visited 2 branches of the dungeon, and saw 17 of its levels.
You also visited: Ice Cave.

You collected 1132 gold pieces.
You spent 816 gold pieces at shops.

Inventory:

Hand Weapons
 a - the +3 whip of Summertime (weapon) {slash, *Rage +Rage rPois Str+2}
   (You found it on level 4 of the Dungeon)

   It inflicts extra damage upon your enemies.
   It affects your strength (+2).
   It protects you from poison.
   It lets you go berserk.
   It may make you go berserk in combat.
 b - the +5 hand crossbow "Zyvetaer" {freeze, -Tele rF++ Dex+6}
   (You bought it in a shop on level 4 of the Dungeon)

   It causes projectiles fired from it to freeze those they strike, causing
   extra injury to most foes and up to half again as much damage against
   particularly susceptible opponents.
   They can also slow down cold-blooded creatures.
   It affects your dexterity (+6).
   It greatly protects you from fire.
   It prevents most forms of teleportation.
 j - a +0 shortbow
 K - a +0 broad axe
   (You found it on level 6 of the Dungeon)
Missiles
 g - 226 arrows
 J - 2 throwing nets {=f, !d}
 L - 17 javelins (quivered)
 N - 55 bolts
Armour
 q - a +2 pair of boots (worn)
   (You found it on level 3 of the Dungeon)
 s - a +0 large shield (worn)
   (You found it on level 4 of the Dungeon)
 u - a +2 pair of gloves (worn)
   (You found it on level 5 of the Dungeon)
 x - a +0 cloak
   (You found it on level 10 of the Dungeon)
 z - a +0 plate armour (worn)
   (You took it off an orc warrior on level 8 of the Dungeon)
 E - a +2 hat of see invisible (worn)
   (You took it off Gastronok on level 8 of the Dungeon)
 P - a scarf of repulsion (worn)
   (You found it on level 3 of the Lair of Beasts)
Magical Staves
 F - an uncursed staff of wizardry {wiz+, !a}
   (You found it on level 10 of the Dungeon)
Jewellery
 e - a ring of protection from magic (left hand) {MR+, !d}
   (You found it on level 4 of the Dungeon)
 n - an amulet of guardian spirit (around neck) {Spirit}
   (You found it on level 2 of the Dungeon)
 w - a ring of positive energy (right hand) {rN+}
   (You found it on level 9 of the Dungeon)
Wands
 y - a wand of polymorph (8)
   (You took it off Erica on level 8 of the Dungeon)
 C - a wand of disintegration (8)
   (You found it on level 11 of the Dungeon)
 D - a wand of acid (7)
   (You found it on level 8 of the Dungeon)
 M - a wand of flame (12)
   (You found it in an ice cave)
 Q - a wand of iceblast (6)
   (You found it in an ice cave)
Scrolls
 k - 9 scrolls of remove curse
 l - a scroll of amnesia
 p - 5 scrolls of identify
 r - 3 scrolls of fog
 G - 2 scrolls of teleportation
 H - a scroll of blinking {!r}
 O - a scroll of enchant armour
Potions
 c - 2 potions of ambrosia
 d - a potion of invisibility
 h - 5 potions of curing
 m - a potion of heal wounds
 o - 2 potions of flight
 t - a potion of agility
 v - a potion of mutation {!q}
 A - a potion of cancellation
Miscellaneous
 B - a crystal ball of energy
   (You found it on level 10 of the Dungeon)
 I - a phantom mirror
Comestibles
 f - 32 rations


   Skills:
 + Level 9.1 Fighting
 + Level 8.7 Short Blades
 + Level 8.7 Long Blades
 + Level 8.7 Axes
 + Level 8.7 Maces & Flails
 + Level 8.7 Polearms
 + Level 8.7 Staves
 + Level 8.7 Slings
 + Level 9.8 Bows
 + Level 8.7 Crossbows
 + Level 8.7 Throwing
 + Level 8.7 Armour
 + Level 9.8 Dodging
 + Level 8.7 Stealth
 + Level 8.7 Shields
 + Level 8.7 Unarmed Combat
 + Level 9.2 Spellcasting
 + Level 7.2 Conjurations
 + Level 9.1 Hexes
 + Level 7.2 Charms
 + Level 7.2 Summonings
 + Level 7.2 Necromancy
 + Level 7.2 Translocations
 + Level 7.2 Transmutations
 + Level 7.2 Fire Magic
 + Level 7.2 Ice Magic
 + Level 7.2 Air Magic
 + Level 7.2 Earth Magic
 + Level 7.2 Poison Magic
 + Level 9.4 Invocations
 + Level 8.7 Evocations


You had 21 spell levels left.
You knew the following spells:

 Your Spells              Type           Power        Failure   Level  Hunger
a - Corona                Hex            ######.      6%          1    None
b - Portal Projectile     Hex/Tloc       ######       26%         3    None
c - Tukima's Dance        Hex            ######..     17%         3    None
d - Dazzling Spray        Conj/Hex       ######       26%         3    None

Your spell library contained the following spells:

 Spells                   Type           Power        Failure   Level  Hunger
 Slow                     Hex            ######..     9%          2    None
 Ensorcelled Hibernation  Hex/Ice        ######       13%         2    None
 Confuse                  Hex            ######..     17%         3    None
 Blink                    Tloc           N/A          19%         2    None
 Shroud of Golubria       Chrm/Tloc      ######       19%         2    None
 Inner Flame              Hex/Fire       ######..     26%         3    None
 Gell's Gravitas          Tloc           ######....   36%         3    None
 Lesser Beckoning         Tloc           ######....   36%         3    None
 Teleport Other           Tloc           ######..     36%         3    None
 Cause Fear               Hex            ######....   50%         4    None
 Leda's Liquefaction      Hex/Erth       ######....   63%         4    None
 Passage of Golubria      Tloc           N/A          77%         4    None


Dungeon Overview and Level Annotations

Branches:
Dungeon (12/15)            Temple (0/1) D:7            Lair (5/6) D:8
  Swamp (0/4) Lair:2       Spider (0/4) Lair:3          Orc (0/2) D:9
  IceCv (1/1)
  Slime: Lair:5-6

Altars:
Cheibriados
Dithmenos
Elyvilon
Gozag
Hepliaklqana
Kikubaaqudgha
Makhleb
Okawaru
Ru
Uskayaw
Vehumet
Wu Jian
Yredelemnul

Shops:
D:4 (


Innate Abilities, Weirdness & Mutations

Your experience applies equally to all skills.
You have very sharp teeth.
Your uncanny sense of smell can sniff out nearby items.
You passively map a small area around you.


Message History

Unknown command.
Unknown command.
Unknown command.
Unknown command.
The frost giant points at you and mumbles some strange words.
The bolt of cold hits you!!
You take 14 damage, and have 59/162 hp.
You now have 11/27 mp.
Spoiler Alert: The frost giant can cast Bolt of Cold!
Unknown command.
Unknown command.
You feel a strong urge to attack something.
The frost giant points at you and mumbles some strange words.
The bolt of cold misses you.
Unknown command.
Spoiler Alert: The frost giant can cast Bolt of Cold!
Unknown command.
You block the frost giant's attack.
The frost giant gestures at you while chanting.
The bolt of cold hits you!
You take 9 damage, and have 50/162 hp.
You now have 9/27 mp.
Unknown command.
Spoiler Alert: The frost giant can cast Bolt of Cold!
Unknown command.
You whack the frost giant!
The frost giant is lightly wounded.
You whack the frost giant! You bite the frost giant!
The frost giant is moderately wounded.
The frost giant hits you but does no damage.
Spoiler Alert: The frost giant can cast Bolt of Cold!
You whack the frost giant! You bite the frost giant!
The frost giant is heavily wounded.
You are no longer berserk.
You are exhausted.
You feel yourself slow down. You block the frost giant's attack.
You now have 34/108 hp.
Spoiler Alert: The frost giant can cast Bolt of Cold!
Unknown command.
Unknown command.
Unknown command.
You feel much better. The frost giant barely misses you.
You regained 34 hp, and now have 68/108 hp.
The flow of time bends around you.
Cheibriados rebukes the frost giant.
The frost giant seems to slow down.
You feel slightly more hungry. The frost giant barely misses you.
You now have 7/27 mp.
Spoiler Alert: The frost giant can cast Bolt of Cold!
You hit the frost giant.
You bite the frost giant, but do no damage.
The frost giant is heavily wounded.
You hit the frost giant. You bite the frost giant.
The frost giant is severely wounded.
The frost giant hits you with a +1 battleaxe of freezing.
The frost giant freezes you.
You take 3 damage, and have 66/108 hp.
Spoiler Alert: The frost giant can cast Bolt of Cold!
You hit the frost giant but do no damage.
You bite the frost giant, but do no damage.
The frost giant is severely wounded.
You block the frost giant's attack.
You hit the frost giant but do no damage.
The frost giant is severely wounded.
The frost giant is no longer moving slowly.
You block the frost giant's attack.
Spoiler Alert: The frost giant can cast Bolt of Cold!
You hit the frost giant.
The frost giant is severely wounded.
You hit the frost giant but do no damage.
You bite the frost giant, but do no damage.
The frost giant is severely wounded.
The frost giant casts a spell at you.
The bolt of cold is repelled.
The frost giant casts a spell at you. The bolt of cold hits you!!!
* * * LOW HITPOINT WARNING * * *
You take 50 damage, and have 17/108 hp.
MASSIVE DAMAGE!!
You now have 2/27 mp.
Spoiler Alert: The frost giant can cast Bolt of Cold!
You don't have enough magic at the moment.
Unknown command.
You fade into invisibility!
You block the frost giant's attack.
You are very lightly contaminated with residual magic.
Unknown command.
Spoiler Alert: The frost giant can cast Bolt of Cold!
Unknown command.
Unknown command.
Unknown command.
Unknown command.
Unknown command.
You don't have enough magic at the moment.
Spoiler Alert: The frost giant can cast Bolt of Cold!
Unknown command.
Unknown command.
Unknown command.
You hit the frost giant but do no damage.
You bite the frost giant.
The frost giant is severely wounded.
The frost giant hits you with a +1 battleaxe of freezing!!
You die...

## ######## ########
≈######......## ##......##
#÷≈##..##.....####..###...##
##≈≈≈######....#...###..⌠..#
##≈≈≈#≈ ###....### ##...##
#≈≈≈≈≈≈≈##!.####### #..###
#≈≈≈≈≈≈≈##.#.####..####..#
#≈≈≈≈≈≈≈≈≈≈####C@##.#..###
#≈≈≈≈≈≈≈°####hh#####.###
##≈≈≈≈≈≈#....### ###
.##≈≈≈###.#### ## ≈≈ #°°#
≈≈≈ ##..* ≈ ≈ ≈ ##.. ** ≈≈
*#.h ,* ≈ ≈ #h.


You could see a frost giant and 2 polar bears.

Vanquished Creatures
  Gastronok (D:8)
  Erica (D:8)
  5 hydras
  3 two-headed ogres
  2 death yaks (IceCv)
  Urug (Lair:2)
  A lindwurm (Lair:3)
  Pikel (D:4)
  An ugly thing (D:11)
  A wolf spider (Lair:1)
  7 elephants (Lair:3)
  A black mamba (Lair:1)
  An ice statue (IceCv)
  Psyche (D:8)
  A molten gargoyle (Lair:3)
  A centaur skeleton (D:12)
  6 spiny frogs
  A rime drake (Lair:3)
  3 komodo dragons
  A troll (D:12)
  14 polar bears
  5 blink frogs (Lair:3)
  3 hippogriffs
  Sigmund (D:2)
  A human (D:9)
  A basilisk (Lair:3)
  A vampire (D:12)
  36 yaks
  3 hungry ghosts (D:9)
  Edmund (D:4)
  An acid dragon (D:11)
  5 water moccasins
  An orc warrior (D:8)
  5 porcupines
  15 ice beasts
  3 sky beasts
  A hornet zombie (D:9)
  A black bear (D:8)
  6 ogres
  A necrophage (D:10)
  10 wolves (IceCv)
  4 centaurs
  8 crocodiles
  A big kobold (D:8)
  13 bullfrogs
  A gnoll sergeant (D:4)
  4 scorpions
  A troll zombie (D:9)
  12 killer bees
  6 electric eels (Lair:2)
  2 howler monkeys
  A lava snake (Lair:3)
  6 crimson imps
  2 bullfrog zombies
  2 jellies (D:10)
  4 bullfrog skeletons
  4 hounds
  3 orc priests
  3 iguanas
  9 orc wizards
  11 worker ants
  A killer bee zombie (D:7)
  5 ogre zombies (D:9)
  A hound zombie (D:7)
  A hound skeleton (D:8)
  Robin (D:2)
  3 gnolls (D:4)
  21 adders
  2 shadow imps
  A white imp (D:8)
  2 oozes (D:2)
  2 worms
  A dart slug (D:1)
  10 leopard geckos
  21 orcs
  4 ball pythons
  4 giant cockroaches
  14 goblins
  15 hobgoblins
  15 jackals
  16 kobolds
  3 quokkas
  5 bats (D:1)
  11 frilled lizards
  A giant cockroach zombie (D:5)
  A hobgoblin zombie (D:9)
  3 orc skeletons (D:9)
  15 orc zombies (D:9)
  8 rats
439 creatures vanquished.

Vanquished Creatures (collateral kills)
  2 two-headed ogres (D:9)
  An orc warrior (D:8)
  An ogre (D:6)
  A bullfrog (D:8)
5 creatures vanquished.

Vanquished Creatures (others)
  2 polar bears (IceCv)
  A slave (D:4)
  5 wolves (IceCv)
  A scorpion (D:4)
  A giant cockroach (D:4)
  A fire vortex (Lair:3)
  4 fungi
  2 plants (Lair:1)
17 creatures vanquished.

Grand Total: 461 creatures vanquished

Notes
Turn   | Place    | Note
-------+----------+-------------------------------------------
     0 | D:1      | Mgcat the Gnoll Arcane Marksman began the quest for the
                  | Orb.
     0 | D:1      | Reached XP level 1. HP: 17/17 MP: 4/4
   107 | D:1      | Reached XP level 2. HP: 11/23 MP: 5/5
   601 | D:1      | Reached XP level 3. HP: 11/28 MP: 7/7
  1107 | D:1      | Learned a level 3 spell: Portal Projectile
  1252 | D:1      | Reached skill level 1 in Invocations
  1546 | D:2      | Reached skill level 1 in Short Blades
  1546 | D:2      | Reached skill level 1 in Long Blades
  1546 | D:2      | Reached skill level 1 in Axes
  1546 | D:2      | Reached skill level 1 in Maces & Flails
  1546 | D:2      | Reached skill level 1 in Polearms
  1546 | D:2      | Reached skill level 1 in Staves
  1546 | D:2      | Reached skill level 1 in Slings
  1546 | D:2      | Reached skill level 1 in Crossbows
  1546 | D:2      | Reached skill level 1 in Throwing
  1546 | D:2      | Reached skill level 1 in Armour
  1546 | D:2      | Reached skill level 1 in Stealth
  1546 | D:2      | Reached skill level 1 in Shields
  1546 | D:2      | Reached skill level 1 in Unarmed Combat
  1546 | D:2      | Reached skill level 1 in Evocations
  1745 | D:2      | Reached XP level 4. HP: 17/34 MP: 8/8
  2262 | D:2      | Noticed Robin
  2305 | D:2      | Reached skill level 3 in Spellcasting
  2575 | D:2      | Noticed Sigmund
  2648 | D:2      | Reached skill level 1 in Conjurations
  2648 | D:2      | Reached skill level 1 in Charms
  2648 | D:2      | Reached skill level 1 in Summonings
  2648 | D:2      | Reached skill level 1 in Necromancy
  2648 | D:2      | Reached skill level 1 in Translocations
  2648 | D:2      | Reached skill level 1 in Transmutations
  2648 | D:2      | Reached skill level 1 in Fire Magic
  2648 | D:2      | Reached skill level 1 in Ice Magic
  2648 | D:2      | Reached skill level 1 in Air Magic
  2648 | D:2      | Reached skill level 1 in Earth Magic
  2648 | D:2      | Reached skill level 1 in Poison Magic
  2722 | D:2      | Reached XP level 5. HP: 25/40 MP: 9/9
  2857 | D:2      | Killed Robin
  3102 | D:2      | HP: 9/40 [something (10)]
  3110 | D:2      | Killed Sigmund
  3110 | D:2      | Reached skill level 3 in Fighting
  3110 | D:2      | Reached skill level 2 in Invocations
  3110 | D:2      | Reached XP level 6. HP: 44/47 MP: 9/11
  3514 | D:3      | Found a white marble altar of Elyvilon.
  3668 | D:3      | Found a hide-covered altar of Uskayaw.
  3985 | D:3      | Reached skill level 5 in Bows
  3985 | D:3      | Reached skill level 5 in Dodging
  4364 | D:4      | Reached skill level 2 in Short Blades
  4364 | D:4      | Reached skill level 2 in Long Blades
  4364 | D:4      | Reached skill level 2 in Axes
  4364 | D:4      | Reached skill level 2 in Maces & Flails
  4364 | D:4      | Reached skill level 2 in Polearms
  4364 | D:4      | Reached skill level 2 in Staves
  4364 | D:4      | Reached skill level 2 in Slings
  4364 | D:4      | Reached skill level 2 in Crossbows
  4364 | D:4      | Reached skill level 2 in Throwing
  4364 | D:4      | Reached skill level 2 in Armour
  4364 | D:4      | Reached skill level 2 in Stealth
  4364 | D:4      | Reached skill level 2 in Shields
  4364 | D:4      | Reached skill level 2 in Unarmed Combat
  4364 | D:4      | Reached skill level 2 in Evocations
  4504 | D:4      | Noticed Edmund
  5081 | D:4      | Reached XP level 7. HP: 37/52 MP: 9/12
  5177 | D:4      | Found Ecajeyj's Weapon Shop.
  5305 | D:4      | Got a twisted whip
  5306 | D:4      | Identified the +3 whip of Summertime {slash, *Rage +Rage
                  | rPois Str+2} (You found it on level 4 of the Dungeon)
  5428 | D:4      | Found a snail-covered altar of Cheibriados.
  5463 | D:4      | Became a worshipper of Cheibriados the Contemplative
  5545 | D:4      | Noticed Pikel
  5562 | D:4      | Killed Pikel
  5562 | D:4      | Reached skill level 4 in Fighting
  5562 | D:4      | Reached skill level 3 in Short Blades
  5562 | D:4      | Reached skill level 3 in Long Blades
  5562 | D:4      | Reached skill level 3 in Axes
  5562 | D:4      | Reached skill level 3 in Maces & Flails
  5562 | D:4      | Reached skill level 3 in Polearms
  5562 | D:4      | Reached skill level 3 in Staves
  5562 | D:4      | Reached skill level 3 in Slings
  5562 | D:4      | Reached skill level 3 in Crossbows
  5562 | D:4      | Reached skill level 3 in Throwing
  5562 | D:4      | Reached skill level 3 in Armour
  5562 | D:4      | Reached skill level 3 in Stealth
  5562 | D:4      | Reached skill level 3 in Shields
  5562 | D:4      | Reached skill level 3 in Unarmed Combat
  5562 | D:4      | Reached skill level 4 in Spellcasting
  5562 | D:4      | Reached skill level 2 in Conjurations
  5562 | D:4      | Reached skill level 6 in Hexes
  5562 | D:4      | Reached skill level 2 in Charms
  5562 | D:4      | Reached skill level 2 in Summonings
  5562 | D:4      | Reached skill level 2 in Necromancy
  5562 | D:4      | Reached skill level 2 in Translocations
  5562 | D:4      | Reached skill level 2 in Transmutations
  5562 | D:4      | Reached skill level 2 in Fire Magic
  5562 | D:4      | Reached skill level 2 in Ice Magic
  5562 | D:4      | Reached skill level 2 in Air Magic
  5562 | D:4      | Reached skill level 2 in Earth Magic
  5562 | D:4      | Reached skill level 2 in Poison Magic
  5562 | D:4      | Reached skill level 3 in Invocations
  5562 | D:4      | Reached skill level 3 in Evocations
  5562 | D:4      | Reached XP level 8. HP: 60/60 MP: 7/14
  5623 | D:4      | Killed Edmund
  5891 | D:4      | HP: 21/90 [gnoll/+0 spear (4)]
  6149 | D:4      | Upgraded the game from 0.25-a0-42-g6c54e25894 to
                  | 0.25-a0-44-g29a1220a87
  6213 | D:5      | Entered Level 5 of the Dungeon
  6637 | D:5      | Reached * piety under Cheibriados
  6729 | D:5      | Learned a level 3 spell: Tukima's Dance
  6733 | D:5      | Learned a level 3 spell: Dazzling Spray
  6794 | D:5      | Found a radiant altar of Vehumet.
  6795 | D:5      | Found a burning altar of Makhleb.
  6960 | D:6      | Reached skill level 4 in Invocations
  7030 | D:6      | Found an iron altar of Okawaru.
  7036 | D:6      | Reached skill level 3 in Conjurations
  7036 | D:6      | Reached skill level 3 in Charms
  7036 | D:6      | Reached skill level 3 in Summonings
  7036 | D:6      | Reached skill level 3 in Necromancy
  7036 | D:6      | Reached skill level 3 in Translocations
  7036 | D:6      | Reached skill level 3 in Transmutations
  7036 | D:6      | Reached skill level 3 in Fire Magic
  7036 | D:6      | Reached skill level 3 in Ice Magic
  7036 | D:6      | Reached skill level 3 in Air Magic
  7036 | D:6      | Reached skill level 3 in Earth Magic
  7036 | D:6      | Reached skill level 3 in Poison Magic
  7042 | D:6      | Reached XP level 9. HP: 66/66 MP: 16/16
  7053 | D:6      | Reached skill level 6 in Bows
  7053 | D:6      | Reached skill level 6 in Dodging
  7255 | D:6      | You fall into a shaft and drop 3 floors!
  7314 | D:9      | Reached ** piety under Cheibriados
  7314 | D:9      | Reached skill level 4 in Short Blades
  7314 | D:9      | Reached skill level 4 in Long Blades
  7314 | D:9      | Reached skill level 4 in Axes
  7314 | D:9      | Reached skill level 4 in Maces & Flails
  7314 | D:9      | Reached skill level 4 in Polearms
  7314 | D:9      | Reached skill level 4 in Staves
  7314 | D:9      | Reached skill level 4 in Slings
  7314 | D:9      | Reached skill level 4 in Crossbows
  7314 | D:9      | Reached skill level 4 in Throwing
  7314 | D:9      | Reached skill level 4 in Armour
  7314 | D:9      | Reached skill level 4 in Stealth
  7314 | D:9      | Reached skill level 4 in Shields
  7314 | D:9      | Reached skill level 4 in Unarmed Combat
  7314 | D:9      | Reached skill level 5 in Spellcasting
  7314 | D:9      | Reached skill level 4 in Evocations
  7316 | D:9      | Found a staircase to the Orcish Mines.
  7333 | D:9      | meem: I am meem, an upgrade of beem built by MalcolmRose
                  | (check out Malcolm's DCSS vids and other projects at
                  | http://youtube.com/malcolmrosegaming). To have me follow
                  | you in your games, type !subscribemeem - to make me go away
                  | forever, type !quitmeem - For help, type: !meem
  7376 | D:9      | Reached skill level 5 in Fighting
  7460 | D:9      | Reached skill level 5 in Invocations
  7684 | D:9      | Reached *** piety under Cheibriados
  7684 | D:9      | Reached XP level 10. HP: 74/74 MP: 18/18
  7912 | D:9      | Noticed a two-headed ogre
  7921 | D:9      | Killed a two-headed ogre
  7921 | D:9      | Reached skill level 5 in Short Blades
  7921 | D:9      | Reached skill level 5 in Long Blades
  7921 | D:9      | Reached skill level 5 in Axes
  7921 | D:9      | Reached skill level 5 in Maces & Flails
  7921 | D:9      | Reached skill level 5 in Polearms
  7921 | D:9      | Reached skill level 5 in Staves
  7921 | D:9      | Reached skill level 5 in Slings
  7921 | D:9      | Reached skill level 5 in Crossbows
  7921 | D:9      | Reached skill level 5 in Throwing
  7921 | D:9      | Reached skill level 5 in Armour
  7921 | D:9      | Reached skill level 5 in Stealth
  7921 | D:9      | Reached skill level 5 in Shields
  7921 | D:9      | Reached skill level 5 in Unarmed Combat
  7921 | D:9      | Reached skill level 4 in Conjurations
  7921 | D:9      | Reached skill level 4 in Charms
  7921 | D:9      | Reached skill level 4 in Summonings
  7921 | D:9      | Reached skill level 4 in Necromancy
  7921 | D:9      | Reached skill level 4 in Translocations
  7921 | D:9      | Reached skill level 4 in Transmutations
  7921 | D:9      | Reached skill level 4 in Fire Magic
  7921 | D:9      | Reached skill level 4 in Ice Magic
  7921 | D:9      | Reached skill level 4 in Air Magic
  7921 | D:9      | Reached skill level 4 in Earth Magic
  7921 | D:9      | Reached skill level 4 in Poison Magic
  7921 | D:9      | Reached skill level 5 in Evocations
  8118 | D:9      | Found a hazy altar of Hepliaklqana.
  8118 | D:9      | Found an iron altar of Okawaru.
  8119 | D:9      | Found an opulent altar of Gozag.
  8120 | D:9      | Found a sacrificial altar of Ru.
  8171 | D:9      | Reached skill level 7 in Hexes
  8181 | D:9      | Reached skill level 7 in Bows
  8181 | D:9      | Reached skill level 7 in Dodging
  8190 | D:9      | Reached skill level 6 in Spellcasting
  8368 | D:9      | Got a pair of ancient boots
  8379 | D:9      | Identified the +0 pair of boots of Trumpets {SInv} (You
                  | found it on level 9 of the Dungeon)
  8455 | D:9      | Reached skill level 6 in Fighting
  8677 | D:9      | Gained mutation: You passively map a small area around you.
                  | [potion of mutation]
  8677 | D:9      | Gained mutation: You tend to lose your temper in combat.
                  | [potion of mutation]
  8677 | D:9      | Lost mutation: You tend to lose your temper in combat.
                  | [potion of mutation]
  8685 | D:9      | Noticed a two-headed ogre
  8696 | D:9      | Killed a two-headed ogre
  8696 | D:9      | Reached skill level 6 in Invocations
  8988 | D:9      | Reached **** piety under Cheibriados
  9174 | D:8      | Noticed a two-headed ogre
  9192 | D:8      | Killed a two-headed ogre
  9192 | D:8      | Reached XP level 11. HP: 78/83 MP: 8/20
  9316 | D:8      | Upgraded the game from 0.25-a0-44-g29a1220a87 to
                  | 0.25-a0-87-ga3d287bc14
  9356 | D:7      | Found a staircase to the Ecumenical Temple.
  9547 | D:7      | Found a shadowy altar of Dithmenos.
  9596 | D:7      | Found a basalt altar of Yredelemnul.
  9756 | D:7      | Found an ancient bone altar of Kikubaaqudgha.
  9759 | D:7      | Found an ornate altar of the Wu Jian Council.
 10513 | D:8      | Reached skill level 6 in Short Blades
 10513 | D:8      | Reached skill level 6 in Long Blades
 10513 | D:8      | Reached skill level 6 in Axes
 10513 | D:8      | Reached skill level 6 in Maces & Flails
 10513 | D:8      | Reached skill level 6 in Polearms
 10513 | D:8      | Reached skill level 6 in Staves
 10513 | D:8      | Reached skill level 6 in Slings
 10513 | D:8      | Reached skill level 6 in Crossbows
 10513 | D:8      | Reached skill level 6 in Throwing
 10513 | D:8      | Reached skill level 6 in Armour
 10513 | D:8      | Reached skill level 6 in Stealth
 10513 | D:8      | Reached skill level 6 in Shields
 10513 | D:8      | Reached skill level 6 in Unarmed Combat
 10513 | D:8      | Reached skill level 6 in Evocations
 10586 | D:8      | Noticed Erica
 10611 | D:8      | Killed Erica
 10611 | D:8      | Reached skill level 5 in Conjurations
 10611 | D:8      | Reached skill level 5 in Charms
 10611 | D:8      | Reached skill level 5 in Summonings
 10611 | D:8      | Reached skill level 5 in Necromancy
 10611 | D:8      | Reached skill level 5 in Translocations
 10611 | D:8      | Reached skill level 5 in Transmutations
 10611 | D:8      | Reached skill level 5 in Fire Magic
 10611 | D:8      | Reached skill level 5 in Ice Magic
 10611 | D:8      | Reached skill level 5 in Air Magic
 10611 | D:8      | Reached skill level 5 in Earth Magic
 10611 | D:8      | Reached skill level 5 in Poison Magic
 10740 | D:8      | Noticed Gastronok
 10744 | D:8      | Noticed Psyche
 10747 | D:8      | Reached ***** piety under Cheibriados
 10791 | D:8      | Killed Gastronok
 10791 | D:8      | Reached skill level 7 in Spellcasting
 10980 | D:8      | Killed Psyche
 10980 | D:8      | Reached skill level 7 in Invocations
 11202 | D:8      | Reached skill level 7 in Fighting
 11202 | D:8      | Reached skill level 8 in Bows
 11202 | D:8      | Reached skill level 8 in Dodging
 11399 | D:8      | Found a staircase to the Lair.
 11469 | D:10     | Entered Level 10 of the Dungeon
 12035 | D:10     | Found a snail-covered altar of Cheibriados.
 12425 | D:11     | Noticed a green ugly thing
 12445 | D:11     | Killed a green ugly thing
 12620 | D:11     | Reached XP level 12. HP: 89/91 MP: 23/23
 12692 | D:11     | Reached skill level 8 in Hexes
 12866 | D:11     | Noticed a two-headed ogre
 12875 | D:11     | Killed a two-headed ogre
 12914 | D:11     | Noticed an eight-headed hydra
 12923 | D:11     | Killed an eight-headed hydra
 12923 | D:11     | Reached skill level 7 in Short Blades
 12923 | D:11     | Reached skill level 7 in Long Blades
 12923 | D:11     | Reached skill level 7 in Axes
 12923 | D:11     | Reached skill level 7 in Maces & Flails
 12923 | D:11     | Reached skill level 7 in Polearms
 12923 | D:11     | Reached skill level 7 in Staves
 12923 | D:11     | Reached skill level 7 in Slings
 12923 | D:11     | Reached skill level 7 in Crossbows
 12923 | D:11     | Reached skill level 7 in Throwing
 12923 | D:11     | Reached skill level 7 in Armour
 12923 | D:11     | Reached skill level 7 in Stealth
 12923 | D:11     | Reached skill level 7 in Shields
 12923 | D:11     | Reached skill level 7 in Unarmed Combat
 12923 | D:11     | Reached skill level 7 in Evocations
 12995 | D:11     | You fall into a shaft and drop 1 floor!
 13001 | D:12     | Noticed a two-headed ogre
 13008 | D:12     | Killed a two-headed ogre
 13677 | Lair:1   | Entered Level 1 of the Lair of Beasts
 13722 | Lair:1   | Reached skill level 6 in Conjurations
 13722 | Lair:1   | Reached skill level 6 in Charms
 13722 | Lair:1   | Reached skill level 6 in Summonings
 13722 | Lair:1   | Reached skill level 6 in Necromancy
 13722 | Lair:1   | Reached skill level 6 in Translocations
 13722 | Lair:1   | Reached skill level 6 in Transmutations
 13722 | Lair:1   | Reached skill level 6 in Fire Magic
 13722 | Lair:1   | Reached skill level 6 in Ice Magic
 13722 | Lair:1   | Reached skill level 6 in Air Magic
 13722 | Lair:1   | Reached skill level 6 in Earth Magic
 13722 | Lair:1   | Reached skill level 6 in Poison Magic
 13812 | Lair:1   | Reached skill level 8 in Invocations
 14054 | Lair:1   | Noticed a seven-headed hydra
 14069 | Lair:1   | Killed a seven-headed hydra
 14069 | Lair:1   | Reached skill level 8 in Spellcasting
 14394 | Lair:1   | Noticed a seven-headed hydra
 14404 | Lair:1   | Killed a seven-headed hydra
 14752 | Lair:2   | Reached skill level 8 in Fighting
 15137 | D:4      | Bought the +5 hand crossbow "Zyvetaer" {freeze, -Tele rF++
                  | Dex+6} for 816 gold pieces
 15615 | Lair:2   | Found a staircase to the Swamp.
 15742 | Lair:2   | Reached skill level 9 in Bows
 15742 | Lair:2   | Reached skill level 9 in Dodging
 15991 | Lair:2   | Noticed a four-headed hydra
 16000 | Lair:2   | Killed a four-headed hydra
 16000 | Lair:2   | Reached XP level 13. HP: 98/98 MP: 19/25
 16048 | Lair:2   | Noticed Urug
 16076 | Lair:2   | Killed Urug
 16728 | Lair:3   | Reached skill level 8 in Short Blades
 16728 | Lair:3   | Reached skill level 8 in Long Blades
 16728 | Lair:3   | Reached skill level 8 in Axes
 16728 | Lair:3   | Reached skill level 8 in Maces & Flails
 16728 | Lair:3   | Reached skill level 8 in Polearms
 16728 | Lair:3   | Reached skill level 8 in Staves
 16728 | Lair:3   | Reached skill level 8 in Slings
 16728 | Lair:3   | Reached skill level 8 in Crossbows
 16728 | Lair:3   | Reached skill level 8 in Throwing
 16728 | Lair:3   | Reached skill level 8 in Armour
 16728 | Lair:3   | Reached skill level 8 in Stealth
 16728 | Lair:3   | Reached skill level 8 in Shields
 16728 | Lair:3   | Reached skill level 8 in Unarmed Combat
 16728 | Lair:3   | Reached skill level 8 in Evocations
 16785 | Lair:3   | Found a hole to the Spider Nest.
 17440 | Lair:3   | Reached skill level 9 in Invocations
 17793 | Lair:4   | You fall into a shaft and drop 1 floor!
 17860 | Lair:5   | Found a frozen archway.
 17878 | IceCv    | Entered an ice cave
 17937 | IceCv    | Reached skill level 7 in Conjurations
 17937 | IceCv    | Reached skill level 9 in Hexes
 17937 | IceCv    | Reached skill level 7 in Charms
 17937 | IceCv    | Reached skill level 7 in Summonings
 17937 | IceCv    | Reached skill level 7 in Necromancy
 17937 | IceCv    | Reached skill level 7 in Translocations
 17937 | IceCv    | Reached skill level 7 in Transmutations
 17937 | IceCv    | Reached skill level 7 in Fire Magic
 17937 | IceCv    | Reached skill level 7 in Ice Magic
 17937 | IceCv    | Reached skill level 7 in Air Magic
 17937 | IceCv    | Reached skill level 7 in Earth Magic
 17937 | IceCv    | Reached skill level 7 in Poison Magic
 18313 | IceCv    | Reached skill level 9 in Spellcasting
 18418 | IceCv    | Reached skill level 9 in Fighting
 18729 | IceCv    | Reached XP level 14. HP: 108/108 MP: 22/27
 19040 | IceCv    | Noticed a frost giant
 19063 | IceCv    | HP: 17/108 [frost giant/bolt of cold (51)]
 19065 | IceCv    | Slain by a frost giant

Levels and vault maps discovered:
D:1:      dpeg_arrival_leaves_temple_mockup, layout_basic, skrybe_limestone_x,
          minmay_distorted
D:2:      layout_loops_ring, serial_aquarium, aquarium_bridge_square
          [aquarium_subvault_bridge, aquarium_subvault_wall,
          aquarium_subvault_window, aquarium_subvault_wall],
          aquarium_window_fake, aquarium_window_1, aquarium_window_1,
          aquarium_view_2c, aquarium_view_2d, st_stairs_12, uniq_sigmund,
          uniq_robin
D:3:      layout_basic, lemuel_doored_altar, lemuel_round_altar
D:4:      layout_cave_pods, cheibriados_altar_1, serial_shops,
          nicolae_shop_trees, moated_statue, lightli_minifort, uniq_edmund,
          uniq_pikel
D:5:      layout_rooms, grunt_temple_overflow_lords_of_destruction, first_ration
D:6:      layout_rooms, basic_altar
D:7:      layout_basic, grunt_temple_overflow_open,
          minmay_temple_entry_butterflies
D:8:      layout_basic, grunt_lair_entry_orc_guard_hut, minmay_fire_ice_demons,
          uniq_gastronok, uniq_erica, uniq_psyche
D:9:      layout_roguey, chequers_temple_overflow_statue_of_worship,
          zombieorc1_lemuel, enter_bailey_2, grunt_pizzeria
D:10:     layout_roguey, basic_altar
D:11:     layout_roguey
D:12:     layout_basic
Lair:1:   minmay_lair_venomous_thicket, layout_cave_pods
Lair:2:   layout_loops_ring, minmay_swamp_entry_eels, grunt_megastairs_2,
          serial_bayou_shore_a, serial_bayou_shore_b, uniq_urug
Lair:3:   layout_gridlike, dummy_spider_entry, chequers_serial_rivers_room_a,
          lemuel_fruit_tree, grunt_megastairs_3
Lair:4:   layout_cave_pods, gauntlet_entry_generic, minmay_lair_drake_nest,
          serial_bayou_shore_b
Lair:5:   layout_misc_corridors, portal_ice_cave_entry_ice_beasts
IceCv:    ice_cave_caverns_02

Skill      XL: |  1  2  3  4  5  6  7  8  9 10 11 12 13 |
---------------+----------------------------------------+-----
Invocations    | 1 2 3 4 5 6 7 8 9 |  9.4
Short Blades   | 1 2 3 4 5 6 7 8 |  8.7
Long Blades    | 1 2 3 4 5 6 7 8 |  8.7
Axes           | 1 2 3 4 5 6 7 8 |  8.7
Maces & Flails | 1 2 3 4 5 6 7 8 |  8.7
Polearms       | 1 2 3 4 5 6 7 8 |  8.7
Staves         | 1 2 3 4 5 6 7 8 |  8.7
Slings         | 1 2 3 4 5 6 7 8 |  8.7
Crossbows      | 1 2 3 4 5 6 7 8 |  8.7
Throwing       | 1 2 3 4 5 6 7 8 |  8.7
Armour         | 1 2 3 4 5 6 7 8 |  8.7
Stealth        | 1 2 3 4 5 6 7 8 |  8.7
Shields        | 1 2 3 4 5 6 7 8 |  8.7
Unarmed Combat | 1 2 3 4 5 6 7 8 |  8.7
Evocations     | 1 2 3 4 5 6 7 8 |  8.7
Spellcasting   | 3 4 5 6 7 8 9 |  9.2
Conjurations   | 1 2 3 4 5 6 7 |  7.2
Charms         | 1 2 3 4 5 6 7 |  7.2
Summonings     | 1 2 3 4 5 6 7 |  7.2
Necromancy     | 1 2 3 4 5 6 7 |  7.2
Translocations | 1 2 3 4 5 6 7 |  7.2
Transmutations | 1 2 3 4 5 6 7 |  7.2
Fire Magic     | 1 2 3 4 5 6 7 |  7.2
Ice Magic      | 1 2 3 4 5 6 7 |  7.2
Air Magic      | 1 2 3 4 5 6 7 |  7.2
Earth Magic    | 1 2 3 4 5 6 7 |  7.2
Poison Magic   | 1 2 3 4 5 6 7 |  7.2
Fighting       | 3 4 5 6 7 8 9 |  9.1
Bows           | 5 6 7 8 9 |  9.8
Dodging        | 5 6 7 8 9 |  9.8
Hexes          | 6 7 8 9 |  9.1

Action                   |  1- 3 |  4- 6 |  7- 9 | 10-12 | 13-15 || total
-------------------------+-------+-------+-------+-------+-------++-------
Melee: Spear             |   189 |    80 |    47 |       |       ||   316
       Bite              |    22 |    14 |    58 |   222 |   140 ||   456
       Punch             |     2 |     1 |    12 |     5 |       ||    20
       Whip              |       |       |   327 |   831 |   514 ||  1672
 Fire: Shortbow          |     8 |   164 |       |       |       ||   172
       Hand crossbow     |       |       |       |     8 |     6 ||    14
Throw: Javelin           |       |       |       |       |     6 ||     6
 Cast: Portal Projectile |       |     5 |       |       |       ||     5
       Dazzling Spray    |       |       |     5 |    10 |       ||    15
       Tukima's Dance    |       |       |     1 |     4 |       ||     5
Invok: Bend Time         |       |       |       |    12 |     5 ||    17
       Slouch            |       |       |       |     3 |     4 ||     7
       Temporal Distorti |       |       |       |     1 |       ||     1
Evoke: Wand              |       |       |       |     1 |     2 ||     3
  Use: Potion            |       |     4 |     1 |     1 |     4 ||    10
       Scroll            |       |     7 |     5 |    12 |     3 ||    27
 Stab: Sleeping          |     5 |     3 |     2 |     4 |       ||    14
       Invisible         |       |       |     3 |     4 |       ||     7
       Distracted        |       |       |       |     1 |       ||     1
  Eat: Chunk             |     3 |    11 |    10 |    15 |     7 ||    46
       Ration            |       |       |     2 |     1 |       ||     3
Armor: Robe              |    16 |       |       |       |       ||    16
       Leather armour    |    14 |    21 |    25 |       |       ||    60
       Skin              |       |     4 |       |       |       ||     4
       Ring mail         |       |       |   136 |    37 |       ||   173
       Plate armour      |       |       |       |   199 |   185 ||   384
Dodge: Dodged            |   110 |    88 |   287 |   306 |   195 ||   986
       Deflected         |       |       |       |       |     3 ||     3
Block: Large shield      |       |       |       |   536 |   558 ||  1094

Table legend:
 A = Non-vault XP
 B = Vault XP
 C = Vault XP percentage of total XP
 D = Non-vault monster count
 E = Vault monster count
 F = Vault count percentage of total count
                 A         B        C        D         E       F
            +---------+---------+-------+---------+---------+-------
      Total |   34446 |   20946 |  37.8 |     311 |     134 |  30.1
            +---------+---------+-------+---------+---------+-------
        D:1 |      54 |       6 |  10.0 |      34 |       3 |   8.1
        D:2 |     103 |     264 |  71.9 |      25 |      15 |  37.5
        D:3 |      28 |       0 |   0.0 |       8 |       0 |   0.0
        D:4 |     436 |     878 |  66.8 |      18 |       6 |  25.0
        D:5 |     250 |      48 |  16.1 |       9 |       1 |  10.0
        D:6 |     868 |       0 |   0.0 |      17 |       0 |   0.0
        D:7 |    1047 |       0 |   0.0 |      22 |       0 |   0.0
        D:8 |    1869 |    4228 |  69.3 |      27 |      10 |  27.0
        D:9 |    4759 |     974 |  17.0 |      32 |      29 |  47.5
       D:10 |    1243 |       0 |   0.0 |      23 |       0 |   0.0
       D:11 |    5504 |       0 |   0.0 |      35 |       0 |   0.0
       D:12 |    2023 |       0 |   0.0 |       7 |       0 |   0.0
     Lair:1 |    2239 |    1819 |  44.8 |       5 |      13 |  72.2
     Lair:2 |    3744 |    1600 |  29.9 |      16 |       7 |  30.4
     Lair:3 |    9476 |     136 |   1.4 |      30 |       1 |   3.2
     Lair:5 |     803 |    1051 |  56.7 |       3 |       8 |  72.7
      IceCv |       0 |    9942 | 100.0 |       0 |      41 | 100.0
            +---------+---------+-------+---------+---------+-------

Levels and vault maps discovered:
D:1:      dpeg_arrival_leaves_temple_mockup, layout_basic, skrybe_limestone_x,
          minmay_distorted
D:2:      layout_loops_ring, serial_aquarium, aquarium_bridge_square
          [aquarium_subvault_bridge, aquarium_subvault_wall,
          aquarium_subvault_window, aquarium_subvault_wall],
          aquarium_window_fake, aquarium_window_1, aquarium_window_1,
          aquarium_view_2c, aquarium_view_2d, st_stairs_12, uniq_sigmund,
          uniq_robin
D:3:      layout_basic, lemuel_doored_altar, lemuel_round_altar
D:4:      layout_cave_pods, cheibriados_altar_1, serial_shops,
          nicolae_shop_trees, moated_statue, lightli_minifort, uniq_edmund,
          uniq_pikel
D:5:      layout_rooms, grunt_temple_overflow_lords_of_destruction, first_ration
D:6:      layout_rooms, basic_altar
D:7:      layout_basic, grunt_temple_overflow_open,
          minmay_temple_entry_butterflies
D:8:      layout_basic, grunt_lair_entry_orc_guard_hut, minmay_fire_ice_demons,
          uniq_gastronok, uniq_erica, uniq_psyche
D:9:      layout_roguey, chequers_temple_overflow_statue_of_worship,
          zombieorc1_lemuel, enter_bailey_2, grunt_pizzeria
D:10:     layout_roguey, basic_altar
D:11:     layout_roguey
D:12:     layout_basic
Lair:1:   minmay_lair_venomous_thicket, layout_cave_pods
Lair:2:   layout_loops_ring, minmay_swamp_entry_eels, grunt_megastairs_2,
          serial_bayou_shore_a, serial_bayou_shore_b, uniq_urug
Lair:3:   layout_gridlike, dummy_spider_entry, chequers_serial_rivers_room_a,
          lemuel_fruit_tree, grunt_megastairs_3
Lair:4:   layout_cave_pods, gauntlet_entry_generic, minmay_lair_drake_nest,
          serial_bayou_shore_b
Lair:5:   layout_misc_corridors, portal_ice_cave_entry_ice_beasts
IceCv:    ice_cave_caverns_02

Table legend:
 A = Turns spent in this place as a percentage of turns spent in the entire game.
 B = Non-inter-level travel turns spent in this place as a percentage of non-inter-level travel turns spent in the entire game.
 C = Inter-level travel turns spent in this place as a percentage of turns spent in this place.
 D = Turns resting spent in this place as a percentage of non-inter-level travel turns spent in this place.
 E = Turns spent auto-exploring this place as a percentage of non-inter-level travel turns spent in this place.
 F = Non-inter-level travel turns spent in this place divided by the number of levels of this place that you've seen.
                   A       B       C       D       E      F
               +-------+-------+-------+-------+-------+----------------------
         Total | 100.0 | 100.0 |   7.1 |  31.4 |  45.3 | 983.8
       Dungeon |  75.0 |  73.7 |   8.7 |  32.2 |  45.7 | 1087.7
          Lair |  18.8 |  19.6 |   3.2 |  20.8 |  59.2 | 694.0
      Ice Cave |   6.2 |   6.7 |   0.0 |  53.4 |   0.0 | 1187.0
               +-------+-------+-------+-------+-------+----------------------

Table legend:
 A = Kills in this place as a percentage of kills in entire the game.
 B = Kills by you in this place as a percentage of kills by you in the entire game.
 C = Kills by friends in this place as a percentage of kills by friends in the entire game.
 D = Other kills in this place as a percentage of other kills in the entire game.
 E = Experience gained in this place as a percentage of experience gained in the entire game.
 F = Experience gained in this place divided by the number of levels of this place that you have seen.
                   A       B       C       D       E      F
               +-------+-------+-------+-------+-------+----------------------
         Total | 100.0 | 100.0 | 100.0 | 100.0 | 100.0 | 3077.3
       Dungeon |  72.1 |  72.0 | 100.0 |   0.0 |  44.4 | 2048.5
          Lair |  18.7 |  18.9 |   0.0 |   0.0 |  37.7 | 4173.6
      Ice Cave |   9.2 |   9.1 |   0.0 | 100.0 |  17.9 | 9942.0
               +-------+-------+-------+-------+-------+----------------------
